 Dungeon Crawl Stone Soup version 0.26-a0-393-g67388ea (webtiles) character file.

Game seed: 2789350675795185320

212 Crimsoncloak the Conjurer (level 5, -4/34 HPs)
             Began as an Octopode Conjurer on July 22, 2020.
             Shot with an arrow by a centaur (9 damage)
             ... on level 5 of the Dungeon.
             The game lasted 00:09:25 (4461 turns).

Crimsoncloak the Conjurer (Octopode Conjurer)       Turns: 4461, Time: 00:09:26

Health: -4/34      AC:  1    Str:  7    XL:     5   Next: 89%
Magic:  3/9        EV: 13    Int: 21    God:
Gold:   173        SH:  0    Dex: 10    Spells: 8/9 levels left

rFire    . . .     SeeInvis .   n - +0 short sword (venom)
rCold    . . .     Faith    .   (no shield)
rNeg     . . .     Spirit   .   (helmet restricted)
rPois    .         Reflect  .   (no amulet)
rElec    .         Harm     .   g - ring of resist corrosion
rCorr    +                      (no ring)
MR       .....                  (no ring)
Stlth    +++.......             (no ring)
HPRegen  0.11/turn              (no ring)
MPRegen  0.11/turn              (no ring)
                                (no ring)
                                (no ring)

@: no status effects
A: almost no armour, stealthy swim, amphibious, 8 rings, constrict 8, camouflage
1, gelatinous body 1
a: no special abilities


You were on level 5 of the Dungeon.
You visited 1 branch of the dungeon, and saw 5 of its levels.

You collected 173 gold pieces.

Inventory:

Hand Weapons
 n - a +0 short sword of venom (weapon)
Missiles
 c - 52 stones
 p - 24 poisoned darts (quivered)
Magical Staves
 o - an uncursed staff of air
Jewellery
 g - a ring of resist corrosion (left tentacle)
Wands
 j - a wand of disintegration (16)
Scrolls
 b - 2 scrolls of identify {unknown}
 d - a scroll of remove curse {unknown}
 e - a scroll of enchant weapon {unknown}
 f - a scroll of enchant armour {unknown}
 i - a scroll of teleportation {unknown}
 k - a scroll of blinking
 q - 2 scrolls of fear
Potions
 a - a potion of berserk rage {unknown}
 h - a potion of curing {unknown}
 l - a potion of heal wounds {unknown}
 m - a potion of haste {unknown}
 r - a potion of might {unknown}
 s - a potion of lignification {unknown}


   Skills:
 + Level 2.0 Fighting
 + Level 3.0 Dodging
 - Level 2.6 Stealth
 + Level 2.8 Spellcasting
 * Level 5.2 Conjurations
 + Level 1.7 Evocations


You had 8 spell levels left.
You knew the following spells:

 Your Spells              Type           Power        Failure   Level
a - Magic Dart            Conj           ###.         1%          1

Your spell library contained the following spells:

 Spells                   Type           Power        Failure   Level
 Searing Ray              Conj           ###...       2%          2
 Dazzling Flash           Conj/Hex       ##....       14%         3
 Fulminant Prism          Conj/Hex       ##........   43%         4
 Iskenderun's Mystic Bla  Conj/Tloc      ##......     43%         4


Dungeon Overview and Level Annotations

Branches:
Dungeon (5/15)
 Temple: D:4-7

Altars:

Annotations:
D:4 Grinder


Innate Abilities, Weirdness & Mutations

You cannot wear most types of armour.
You are very stealthy in the water. (Stealth+)
You are amphibious.
You can wear up to eight rings at the same time.
You can use your tentacles to constrict eight enemies at once.
Your skin changes colour to match your surroundings (Stealth+).
Your rubbery body absorbs attacks. (AC +1, EV +1)


Message History

The centaur shoots an arrow.
The arrow completely misses you.
Casting: Magic Dart (safe; 1% risk of failure)
Confirm with . or Enter, or press ? or * to list all spells.
Aiming: Magic Dart (safe; 1% risk of failure)
Press: ? - help, Shift-Dir - straight line, f/p - centaur
Aim: a centaur, wielding a +0 shortbow and quivering 11 arrows (moderately wounded)
The magic dart hits the centaur.
The centaur is heavily wounded.
The centaur shoots an arrow.
The arrow hits you.
* * * LOW HITPOINT WARNING * * *
You see here an arrow.
Casting: Magic Dart (safe; 1% risk of failure)
Confirm with . or Enter, or press ? or * to list all spells.
Aiming: Magic Dart (safe; 1% risk of failure)
Press: ? - help, Shift-Dir - straight line, f/p - centaur
Aim: a centaur, wielding a +0 shortbow and quivering 10 arrows (heavily wounded)
The magic dart hits the centaur.
The centaur is severely wounded.
The centaur shoots an arrow.
The arrow hits you!
You die...

....#....##+###...##.....##....#.
....#....##..##...##.....##....#.
....#..........................#.
....# .........##.....##....#.
....# .........##.....##....#.
....# ................##+####.
....# #........c.....#
##.......##((...#
+......@.##.....#
#.<......(......#
##.(....?.......#
################ ....# ....#
....#


You could see a centaur.

Vanquished Creatures
  A hound (D:5)
  An orc priest (D:4)
  7 adders
  2 worms (D:3)
  A dart slug (D:3)
  4 leopard geckos
  12 orcs
  2 giant cockroaches
  6 goblins
  6 hobgoblins
  4 jackals (D:2)
  2 quokkas (D:2)
  5 bats
  2 frilled lizards
  5 kobolds
  9 rats
69 creatures vanquished.

Notes
Turn   | Place    | Note
-------+----------+-------------------------------------------
     0 | D:1      | Crimsoncloak the Octopode Conjurer began the quest for the
                  | Orb.
     0 | D:1      | Reached XP level 1. HP: 11/11 MP: 3/3
   605 | D:1      | Reached XP level 2. HP: 18/18 MP: 1/5
  1467 | D:2      | Reached XP level 3. HP: 17/22 MP: 4/6
  1582 | D:2      | Reached skill level 1 in Fighting
  2221 | D:3      | Reached XP level 4. HP: 28/28 MP: 4/7
  2698 | D:3      | Reached skill level 1 in Evocations
  3277 | D:3      | Reached XP level 5. HP: 33/33 MP: 2/8
  3417 | D:3      | Reached skill level 5 in Conjurations
  3954 | D:4      | Noticed Grinder
  3978 | D:4      | Paralysed by Grinder for 2 turns
  3996 | D:5      | Entered Level 5 of the Dungeon
  4449 | D:5      | Noticed a centaur
  4461 | D:5      | Shot with an arrow by a centaur

Illustrated notes

Levels and vault maps discovered:
D:1:      matt_arrival_spirals, layout_basic, minmay_misc_feat_alley,
          minmay_misc_feat_doors
D:2:      layout_loops_ring, chequers_serial_rivers_large_b, grunt_ministairs_14
D:3:      layout_loops_ring
D:4:      layout_loops_ring, minmay_diced_spiral, uniq_grinder
D:5:      layout_gridville

Skill      XL: |  1  2  3  4  5 |
---------------+----------------+-----
Fighting       | 1 2 |  2.0
Evocations     | 1 |  1.7
Conjurations   | 5 |  5.2
Dodging        | 3 |  3.0
Stealth        | |  2.6
Spellcasting   | |  2.8

Action                   |  1- 3 |  4- 6 || total
-------------------------+-------+-------++-------
Melee: Club              |     3 |       ||     3
       Hand axe          |    22 |     4 ||    26
       Constrict         |     3 |     6 ||     9
       Short sword       |       |    11 ||    11
Throw: Stone             |     1 |       ||     1
 Cast: Magic Dart        |    55 |    95 ||   150
  Use: Scroll            |       |     2 ||     2
 Stab: Sleeping          |     6 |       ||     6
Armor: Skin              |     2 |       ||     2
Dodge: Dodged            |    25 |    25 ||    50

Table legend: (Time is in decaauts)
 A = Elapsed time spent in this place.
 B = Non-inter-level travel time spent in this place.
 C = Inter-level travel time spent in this place.
 D = Time resting spent in this place.
 E = Time spent auto-exploring this place.
 F = Levels seen in this place.
 G = Mean time per level.
                   A        B        C        D        E       F      G
               +--------+--------+--------+--------+--------+-----+--------+
         Total |   4466 |   4410 |     56 |   1691 |   1845 |   5 |  893.2 |
       Dungeon |   4466 |   4410 |     56 |   1691 |   1845 |   5 |  893.2 |
               +--------+--------+--------+--------+--------+-----+--------+

Top non-repeatable levels by time:
     D:3: 1658 daAuts
     D:1: 1141 daAuts
     D:2: 962 daAuts
     D:5: 464 daAuts
     D:4: 240 daAuts
